 Dungeon Crawl Stone Soup version 0.26-a0-859-gf57989e088 (webtiles) character file.

Game seed: 14271794842138426348

0 Gargoyl the Skirmisher (level 1, -8/23 HPs)
             Began as a Gnoll Abyssal Knight on Nov 25, 2020.
             Was a Follower of Lugonu.
             Mangled by a spatial maelstrom (10 damage)
             ... on level 2 of the Abyss.
             The game lasted 00:00:16 (74 turns).

Gargoyl the Skirmisher (Gnoll Abyssal Knight)         Turns: 74, Time: 00:00:17

Health: -8/23      AC:  3    Str: 14    XL:     1   Next: 0%
Magic:  3/3        EV: 12    Int: 14    God:    Lugonu [*.....]
Gold:   0          SH:  0    Dex: 14    Spells: 0/0 levels left

rFire    . . .     SeeInvis .   a - +1 hand axe
rCold    . . .     Faith    .   (no shield)
rNeg     . . .     Spirit   .   b - +0 leather armour
rPois    .         Reflect  .   (no helmet)
rElec    .         Harm     .   (no cloak)
rCorr    .         Rampage  .   (no gloves)
MR       .....                  (no boots)
Stlth    +.........             (no amulet)
HPRegen  0.07/turn              (no ring)
MPRegen  0.08/turn              (no ring)

@: confused
A: distributed training, fangs 1, strong nose
a: Depart the Abyss, Renounce Religion


You were on level 2 of the Abyss.
You worshipped Lugonu.
Lugonu was aware of your devotion.
You visited 0 branches of the dungeon, and saw 0 of its levels.
You visited the Abyss 1 time.

Inventory:

Hand Weapons
 a - a +1 hand axe (weapon)
Armour
 b - a +0 leather armour (worn)


   Skills:
 + Level 6.4 Fighting
 + Level 0.0 Short Blades
 + Level 0.0 Long Blades
 + Level 4.4 Axes
 + Level 0.0 Maces & Flails
 + Level 0.0 Polearms
 + Level 0.0 Staves
 + Level 0.0 Slings
 + Level 0.0 Bows
 + Level 0.0 Crossbows
 + Level 0.0 Throwing
 + Level 4.4 Armour
 + Level 2.3 Dodging
 + Level 0.0 Stealth
 + Level 0.0 Shields
 + Level 0.0 Unarmed Combat
 + Level 0.0 Spellcasting
 + Level 0.0 Conjurations
 + Level 0.0 Hexes
 + Level 0.0 Summonings
 + Level 0.0 Necromancy
 + Level 0.0 Translocations
 + Level 0.0 Transmutations
 + Level 0.0 Fire Magic
 + Level 0.0 Ice Magic
 + Level 0.0 Air Magic
 + Level 0.0 Earth Magic
 + Level 0.0 Poison Magic
 + Level 4.4 Invocations
 + Level 0.0 Evocations


You couldn't memorise any spells.
You didn't know any spells.
Your spell library was empty.

Dungeon Overview and Level Annotations

Branches:
Dungeon (0/15)

Altars:


Innate Abilities, Weirdness & Mutations

Your experience applies equally to all skills.
You have very sharp teeth.
Your uncanny sense of smell can sniff out nearby items.


Message History

A spatial vortex comes into view.
You miss the golden eye. x2; You completely miss the golden eye.
The golden eye blinks at you.
You are more confused.
The golden eye blinks! x2
You slash the spatial maelstrom!
The spatial maelstrom is lightly damaged.
You miss the golden eye. You hit the golden eye. The golden eye blinks at you.
You are more confused.
The spatial maelstrom hits you. Space warps horribly around you!
* * * LOW HITPOINT WARNING * * *
The spatial maelstrom closely misses you.
The golden eye blinks at you.
The golden eye blinks!
The golden eye blinks at you.
You closely miss the golden eye.
The golden eye is moderately wounded.
You hit the spatial maelstrom. The spatial maelstrom hits you!
You die...

.. #.#...
.#...#... #
..#..... #..
##..#?#.. ##..
...#...G###.. ..
...$#....v..v...
..........#.....
.......G........
.∩..#..@v......v
.. #..§.###....
.#.#####G## .#.
#.... #..§# # ..
#.....# . ...
.......... . .
..G#.....#.G.. .
..#..##......
#.#. ##.# ..# .


You could see a spatial maelstrom, 2 spatial vortices and 3 golden eyes.

Vanquished Creatures (others)
  A lurking horror (Abyss:1)
1 creature vanquished.

Notes
Turn   | Place    | Note
-------+----------+-------------------------------------------
     0 | Abyss:1  | Gargoyl the Gnoll Abyssal Knight began the quest for the
                  | Orb.
     0 | Abyss:1  | Reached XP level 1. HP: 23/23 MP: 3/3
    41 | Abyss:2  | Noticed a golden eye
    41 | Abyss:2  | Noticed a golden eye
    41 | Abyss:2  | Noticed a golden eye
    41 | Abyss:2  | Noticed a golden eye
    41 | Abyss:2  | Noticed a golden eye
    43 | Abyss:2  | Noticed a golden eye
    66 | Abyss:2  | Noticed a spatial vortex
    66 | Abyss:2  | Noticed a spatial vortex
    68 | Abyss:2  | Noticed a spatial vortex
    68 | Abyss:2  | Noticed a spatial maelstrom
    72 | Abyss:2  | Noticed a spatial vortex
    74 | Abyss:2  | Mangled by a spatial maelstrom

Illustrated notes

Levels and vault maps discovered:
Abyss:2:  base:
Temple

Action                   || total
-------------------------++-------
Melee: Hand axe          ||    15
Dodge: Dodged            ||     1

Table legend: (Time is in decaauts)
 A = Elapsed time spent in this place.
 B = Non-inter-level travel time spent in this place.
 C = Inter-level travel time spent in this place.
 D = Time resting spent in this place.
 E = Time spent auto-exploring this place.
 F = Levels seen in this place.
 G = Mean time per level.
                   A        B        C        D        E       F      G
               +--------+--------+--------+--------+--------+-----+--------+
         Total |     75 |     75 |      0 |      0 |     32 |   2 |   37.5 |
         Abyss |     75 |     75 |      0 |      0 |     32 |   2 |   37.5 |
               +--------+--------+--------+--------+--------+-----+--------+

Top non-repeatable levels by time:
 Abyss:2: 57 daAuts
 Abyss:1: 18 daAuts
